[Event "GambitGuide"]
[Site "Internet Chess Club"]
[Date "2014.10.31"]
[Round "1"]
[White "JSBach"]
[Black "FatMaHa"]
[Result "1-0"]
[ICCResult "Black resigns"]
[WhiteElo "1632"]
[BlackElo "1833"]
[Opening "Vienna: `Frankenstein-Dracula' variation"]
[ECO "C27"]
[NIC "VG.02"]
[Time "11:01:55"]
[TimeControl "120+12"]

1. e4 e5 2. Nc3 Nf6 3. Bc4 Nxe4 4. Qh5 Nd6 5. Bb3 Nc6 6. Nb5 g6 7. Qf3 f5 8.
Qd5 Qe7 9. Nxc7+ Kd8 10. Nxa8 b6 11. d3 Bb7 12. Nxb6 axb6 13. Qf3 e4 14.
dxe4 Qxe4+ 15. Be3 Qxf3 16. Bxb6+ Kc8 17. Nxf3 Bg7 18. O-O-O Ne4 19. Rhe1
Re8 20. Be3 h6 21. Bf7 Rf8 22. Bxg6 Ne5 23. Nxe5 Bxe5 24. c4 f4 25. Ba7 f3
26. Bxe4 Bf4+ 27. Kb1 {Black resigns} 1-0

[Event "GambitGuide"]
[Site "Internet Chess Club"]
[Date "2014.10.31"]
[Round "1"]
[White "JSBach"]
[Black "hammers45"]
[Result "1-0"]
[ICCResult "Black resigns"]
[WhiteElo "1632"]
[BlackElo "1992"]
[Opening "Vienna: `Frankenstein-Dracula' variation"]
[ECO "C27"]
[NIC "VG.02"]
[Time "11:00:08"]
[TimeControl "120+12"]

1. e4 e5 2. Nc3 Nf6 3. Bc4 Nxe4 4. Qh5 Nd6 5. Bb3 Nc6 6. Nb5 g6 7. Qf3 f5 8.
Qd5 Qe7 9. Nxc7+ Kd8 10. Nxa8 b6 11. d3 Bb7 12. Nxb6 axb6 13. Qf3 e4 14.
dxe4 Nxe4 15. Be3 Nc5 16. Qe2 Bg7 17. c3 Re8 18. Qb5 f4 19. Bf7 fxe3 20.
Qxb6+ Kc8 21. Bxe8 exf2+ 22. Kxf2 Ne4+ 23. Kf3 Nd2+ 24. Kf2 Ne4+ 25. Kf3
Ng5+ 26. Kf2 Qf6+ 27. Nf3 Ne4+ 28. Ke1 Qe7 29. Bxd7+ Kxd7 30. Qxb7+ Ke8 31.
Qxc6+ {Black resigns} 1-0

[Event "GambitGuide"]
[Site "Internet Chess Club"]
[Date "2014.10.31"]
[Round "1"]
[White "JSBach"]
[Black "GFranco"]
[Result "1-0"]
[ICCResult "Black checkmated"]
[WhiteElo "1632"]
[BlackElo "1604"]
[Opening "Vienna: `Frankenstein-Dracula' variation"]
[ECO "C27"]
[NIC "VG.02"]
[Time "11:02:58"]
[TimeControl "120+12"]

1. e4 e5 2. Nc3 Nf6 3. Bc4 Nxe4 4. Qh5 Nd6 5. Bb3 Nc6 6. Nb5 g6 7. Qf3 f5 8.
Qd5 Qe7 9. Nxc7+ Kd8 10. Nxa8 b6 11. d3 Bb7 12. Nxb6 Nd4 13. Bg5 Qxg5 14.
Qxe5 Nf7 15. Qxd4 Qxg2 16. Qxd7# {Black checkmated} 1-0

[Event "GambitGuide"]
[Site "Internet Chess Club"]
[Date "2014.10.31"]
[Round "1"]
[White "JSBach"]
[Black "billysunday1"]
[Result "1-0"]
[ICCResult "Black resigns"]
[WhiteElo "1632"]
[BlackElo "1461"]
[Opening "Vienna: `Frankenstein-Dracula' variation"]
[ECO "C27"]
[NIC "VG.02"]
[Time "11:00:32"]
[TimeControl "120+12"]

1. e4 e5 2. Nc3 Nf6 3. Bc4 Nxe4 4. Qh5 Nd6 5. Bb3 Nc6 6. Nb5 g6 7. Qf3 f5 8.
Qd5 Qe7 9. Nxc7+ Kd8 10. Nxa8 b6 11. d3 Bb7 12. Nxb6 axb6 13. Qf3 Nd4 14.
Qh3 e4 15. Be3 exd3 16. O-O-O Nxc2 17. Bxb6+ Kc8 18. Qxd3 Nb4 19. Qc3+ Nc6
20. Qxh8 Ne4 21. f3 Nf2 22. Bxf2 Nb4 23. a3 Na6 24. Qg8 Nc5 25. Bf7 Kc7 26.
Kb1 Na4 27. Rc1+ Kb8 28. b3 Nc5 29. Bxc5 Qxf7 30. Qxf7 {Black resigns} 1-0

[Event "GambitGuide"]
[Site "Internet Chess Club"]
[Date "2014.10.31"]
[Round "1"]
[White "JSBach"]
[Black "MrGranlund"]
[Result "1-0"]
[ICCResult "Black resigns"]
[WhiteElo "1632"]
[BlackElo "1256"]
[Opening "Vienna: `Frankenstein-Dracula' variation"]
[ECO "C27"]
[NIC "VG.02"]
[Time "11:04:09"]
[TimeControl "120+12"]

1. e4 e5 2. Nc3 Nf6 3. Bc4 Nxe4 4. Qh5 Nd6 5. Bb3 Nc6 6. Nb5 g6 7. Qf3 f5 8.
Qd5 Qe7 9. Nxc7+ Kd8 10. Nxa8 b6 11. d3 Bb7 12. Nxb6 axb6 13. Qf3 Qg5 14.
Bxg5+ {Black resigns} 1-0

[Event "GambitGuide"]
[Site "Internet Chess Club"]
[Date "2014.10.31"]
[Round "1"]
[White "JSBach"]
[Black "MrGranlund"]
[Result "1-0"]
[ICCResult "Black resigns"]
[WhiteElo "1632"]
[BlackElo "1256"]
[Opening "Vienna: `Frankenstein-Dracula' variation"]
[ECO "C27"]
[NIC "VG.02"]
[Time "11:04:22"]
[TimeControl "120+12"]

1. e4 e5 2. Nc3 Nf6 3. Bc4 Nxe4 4. Qh5 Nd6 5. Bb3 Nc6 6. Nb5 g6 7. Qf3 f5 8.
Qd5 Qe7 9. Nxc7+ Kd8 10. Nxa8 b6 11. d3 Bb7 12. Nxb6 axb6 13. Qf3 Nd4 14.
Qh3 Bg7 15. Be3 Nxb3 16. Bxb6+ {Black resigns} 1-0

[Event "GambitGuide"]
[Site "Internet Chess Club"]
[Date "2014.10.31"]
[Round "1"]
[White "JSBach"]
[Black "FatMaHa"]
[Result "1-0"]
[ICCResult "Black checkmated"]
[WhiteElo "1632"]
[BlackElo "1833"]
[Opening "Vienna: `Frankenstein-Dracula' variation"]
[ECO "C27"]
[NIC "VG.02"]
[Time "11:03:13"]
[TimeControl "120+12"]

1. e4 e5 2. Nc3 Nf6 3. Bc4 Nxe4 4. Qh5 Nd6 5. Bb3 Nc6 6. Nb5 g6 7. Qf3 f5 8.
Qd5 Qe7 9. Nxc7+ Kd8 10. Nxa8 b6 11. d3 Ba6 12. Nf3 Bg7 13. Bg5 Bf6 14. Bxf6
Qxf6 15. Ba4 b5 16. Bb3 Re8 17. a4 b4 18. c4 e4 19. dxe4 Rxe4+ 20. Kf1 Qxb2
21. Rd1 Qxb3 22. Qxd6 Bxc4+ 23. Kg1 Be6 24. Qf8# {Black checkmated} 1-0

[Event "GambitGuide"]
[Site "Internet Chess Club"]
[Date "2014.10.31"]
[Round "1"]
[White "JSBach"]
[Black "asithink"]
[Result "1-0"]
[ICCResult "Black resigns"]
[WhiteElo "1632"]
[BlackElo "2044"]
[Opening "Vienna: `Frankenstein-Dracula' variation"]
[ECO "C27"]
[NIC "VG.02"]
[Time "11:03:38"]
[TimeControl "120+12"]

1. e4 e5 2. Nc3 Nf6 3. Bc4 Nxe4 4. Qh5 Nd6 5. Bb3 Nc6 6. Nb5 g6 7. Qf3 f5 8.
Qd5 Qe7 9. Nxc7+ Kd8 10. Nxa8 b6 11. d3 Bb7 12. Nxb6 axb6 13. Qf3 Nd4 14.
Qh3 e4 15. Be3 exd3 16. O-O-O Bg7 17. Rxd3 Nxb3+ 18. Rxb3 Nc4 19. Nf3 Bxb2+
20. Rxb2 Nxb2 21. Bg5 {Black resigns} 1-0

[Event "GambitGuide"]
[Site "Internet Chess Club"]
[Date "2014.10.31"]
[Round "1"]
[White "JSBach"]
[Black "leader1774"]
[Result "0-1"]
[ICCResult "White checkmated"]
[WhiteElo "1632"]
[BlackElo "1569"]
[Opening "Vienna: `Frankenstein-Dracula' variation"]
[ECO "C27"]
[NIC "VG.02"]
[Time "11:00:53"]
[TimeControl "120+12"]

1. e4 e5 2. Nc3 Nf6 3. Bc4 Nxe4 4. Qh5 Nd6 5. Bb3 Nc6 6. Nb5 g6 7. Qf3 f5 8.
Qd5 Qe7 9. Nxc7+ Kd8 10. Nxa8 b6 11. d3 Nd4 12. h4 Bg7 13. Bg5 Bf6 14. Bxf6
Qxf6 15. O-O-O Bb7 16. Nxb6 axb6 17. Re1 Re8 18. Rxe5 Rxe5 19. Qg8+ Kc7 20.
Qxh7 Re1+ 21. Kd2 Qe5 22. Ba4 b5 23. c3 Ne6 24. d4 Nc4+ 25. Kc2 Qe4+ 26. Kb3
Nd2+ 27. Ka3 bxa4 28. Qxg6 Nc4+ 29. Kb4 Nxb2 30. Qg3+ f4 31. Qf3 Nd3+ 32.
Kxa4 Bc6+ 33. Ka3 Qf5 34. d5 Bxd5 35. Qxd3 Qxd3 36. Ne2 Qa6+ 37. Kb4 Rxh1
38. Nd4 Nxd4 39. cxd4 Qc4+ 40. Ka5 Bc6 41. a4 Kb7 42. g4 Qc3# {White
checkmated} 0-1

[Event "GambitGuide"]
[Site "Internet Chess Club"]
[Date "2014.10.31"]
[Round "1"]
[White "JSBach"]
[Black "MrGranlund"]
[Result "1-0"]
[ICCResult "Black checkmated"]
[WhiteElo "1632"]
[BlackElo "1256"]
[Opening "Vienna: `Frankenstein-Dracula' variation"]
[ECO "C27"]
[NIC "VG.02"]
[Time "11:04:48"]
[TimeControl "120+12"]

1. e4 e5 2. Nc3 Nf6 3. Bc4 Nxe4 4. Qh5 Nd6 5. Bb3 Nc6 6. Nb5 g6 7. Qf3 f5 8.
Qd5 Qe7 9. Nxc7+ Kd8 10. Nxa8 b6 11. d3 Bb7 12. Nxb6 axb6 13. Qf3 Nd4 14.
Qg3 Nxb3 15. axb3 Bg7 16. Be3 Nc8 17. Bg5 Bf6 18. Bxf6 Qxf6 19. Nf3 Ne7 20.
Nxe5 Ke8 21. Ra7 Bc6 22. Nxc6 dxc6 23. Qb8+ Kf7 24. Qxb6 Qxb2 25. Rxe7+ Kxe7
26. Qc7+ Ke6 27. Qxc6+ Ke7 28. O-O Rd8 29. Qc7+ Ke8 30. Re1+ Qe5 31. Rxe5+
Kf8 32. Qxd8+ Kg7 33. Re7+ Kh6 34. b4 Kg5 35. Rxh7+ Kf4 36. Qd4+ Kg5 37. h4#
{Black checkmated}
1-0

[Event "GambitGuide"]
[Site "Internet Chess Club"]
[Date "2014.10.31"]
[Round "1"]
[White "JSBach"]
[Black "billysunday1"]
[Result "1-0"]
[ICCResult "Black resigns"]
[WhiteElo "1621"]
[BlackElo "1461"]
[Opening "Vienna: `Frankenstein-Dracula' variation"]
[ECO "C27"]
[NIC "VG.02"]
[Time "11:04:10"]
[TimeControl "120+12"]

1. e4 e5 2. Nc3 Nf6 3. Bc4 Nxe4 4. Qh5 Nd6 5. Bb3 Nc6 6. Nb5 g6 7. Qf3 f5 8.
Qd5 Qe7 9. Nxc7+ Kd8 10. Nxa8 b6 11. d3 Bb7 12. Nxb6 axb6 13. Qf3 Kc7 14.
Bd2 e4 15. Qe3 exd3 16. cxd3 Qxe3+ 17. fxe3 Bg7 18. Rc1 Bxb2 19. Rc2 Bf6 20.
Nf3 Re8 21. O-O Kd8 22. Bd5 Kc8 23. Rfc1 Kb8 24. Rb1 Ka7 25. Ne1 Na5 26. Rc7
Rc8 27. Rxd7 Rc5 28. Rxd6 Bg7 29. Bxb7 Nxb7 30. Rdxb6 Rc7 31. a4 Be5 32. Nf3
{Black resigns}
1-0

[Event "GambitGuide"]
[Site "Internet Chess Club"]
[Date "2014.10.31"]
[Round "1"]
[White "JSBach"]
[Black "GFranco"]
[Result "1/2-1/2"]
[ICCResult "Game drawn by repetition"]
[WhiteElo "1621"]
[BlackElo "1604"]
[Opening "Vienna: `Frankenstein-Dracula' variation"]
[ECO "C27"]
[NIC "VG.02"]
[Time "11:03:32"]
[TimeControl "120+12"]

1. e4 e5 2. Nc3 Nf6 3. Bc4 Nxe4 4. Qh5 Nd6 5. Bb3 Nc6 6. Nb5 g6 7. Qf3 f5 8.
Qd5 Qe7 9. Nxc7+ Kd8 10. Nxa8 b6 11. d3 Bb7 12. Nxb6 axb6 13. Qf3 Nd4 14.
Qh3 g5 15. Be3 g4 16. Qh5 Bg7 17. Bg5 Bf6 18. Bxf6 Qxf6 19. Kf1 N6b5 20. Bc4
Nxc2 21. Rc1 Nbd4 22. Bb3 Ba6 23. Bxc2 Nxc2 24. Rxc2 Bxd3+ 25. Re2 Qc6 26.
Qg5+ Kc7 27. a3 h5 28. h3 f4 29. Qxe5+ Kb7 30. Qxf4 Rf8 31. Qg5 Rf5 32. Qe3
Re5 33. Qf4 Re4 34. Qg5 Qc4 35. Qd2 Qa2 36. Ke1 Bxe2 37. Qxd7+ Ka6 38. Qc8+
Ka7 39. Qd7+ Ka6 40. Qc8+ Ka7 41. Qd7+ Ka6 42. Qc8+ Ka7 43. Qd7+
{Game drawn by repetition}
1/2-1/2

[Event "GambitGuide"]
[Site "Internet Chess Club"]
[Date "2014.10.31"]
[Round "1"]
[White "JSBach"]
[Black "MagPet"]
[Result "1-0"]
[ICCResult "Black resigns"]
[WhiteElo "1621"]
[BlackElo "1413"]
[Opening "Vienna: `Frankenstein-Dracula' variation"]
[ECO "C27"]
[NIC "VG.02"]
[Time "11:05:00"]
[TimeControl "120+12"]

1. e4 e5 2. Nc3 Nf6 3. Bc4 Nxe4 4. Qh5 Nd6 5. Bb3 Nc6 6. Nb5 g6 7. Qf3 f5 8.
Qd5 Qe7 9. Nxc7+ Kd8 10. Nxa8 b6 11. d3 Nb4 12. Qf3 e4 13. dxe4 Nxe4 14. Be3
Bg7 15. O-O-O Nxa2+ 16. Bxa2 Qb4 17. c3 Nxc3 18. Bg5+ Ke8 19. Nc7+ Kf8 20.
bxc3 Qa3+ 21. Kb1 Bxc3 22. Bh6+ Ke7 23. Nd5+ {Black resigns} 1-0

[Event "GambitGuide"]
[Site "Internet Chess Club"]
[Date "2014.10.31"]
[Round "1"]
[White "JSBach"]
[Black "leader1774"]
[Result "1/2-1/2"]
[ICCResult "Game drawn by repetition"]
[WhiteElo "1621"]
[BlackElo "1569"]
[Opening "Vienna: `Frankenstein-Dracula' variation"]
[ECO "C27"]
[NIC "VG.02"]
[Time "11:05:23"]
[TimeControl "120+12"]

1. e4 e5 2. Nc3 Nf6 3. Bc4 Nxe4 4. Qh5 Nd6 5. Bb3 Nc6 6. Nb5 g6 7. Qf3 f5 8.
Qd5 Qe7 9. Nxc7+ Kd8 10. Nxa8 b6 11. d3 Nd4 12. f4 Bg7 13. fxe5 Bxe5 14. Kd1
Re8 15. Nf3 Nxf3 16. Qxf3 Bb7 17. Bd5 Bxd5 18. Qxd5 Bc3 19. Bg5 Bf6 20. Bf4
Qe2+ 21. Kc1 g5 22. Bxd6 Qe3+ 23. Kd1 Qe2+ 24. Kc1 Qe3+ 25. Kd1 Qe2+ 26. Kc1
Qe3+ 27. Kd1 Qe2+ 28. Kc1 {Game drawn by repetition} 1/2-1/2

[Event "GambitGuide"]
[Site "Internet Chess Club"]
[Date "2014.10.31"]
[Round "1"]
[White "JSBach"]
[Black "Little-Fish"]
[Result "1-0"]
[ICCResult "Black resigns"]
[WhiteElo "1621"]
[BlackElo "1537"]
[Opening "Vienna: `Frankenstein-Dracula' variation"]
[ECO "C27"]
[NIC "VG.02"]
[Time "11:06:38"]
[TimeControl "120+12"]

1. e4 e5 2. Nc3 Nf6 3. Bc4 Nxe4 4. Qh5 Nd6 5. Bb3 Nc6 6. Nb5 g6 7. Qf3 f5 8.
Qd5 Qe7 9. Nxc7+ Kd8 10. Nxa8 b6 11. d3 Bb7 12. Nxb6 axb6 13. Qf3 Na5 14.
Qe3 Bg7 15. Qxb6+ Ke8 16. Qxa5 {Black resigns} 1-0

[Event "GambitGuide"]
[Site "Internet Chess Club"]
[Date "2014.10.31"]
[Round "1"]
[White "JSBach"]
[Black "FatMaHa"]
[Result "1-0"]
[ICCResult "Black checkmated"]
[WhiteElo "1621"]
[BlackElo "1833"]
[Opening "Vienna: `Frankenstein-Dracula' variation"]
[ECO "C27"]
[NIC "VG.02"]
[Time "11:05:31"]
[TimeControl "120+12"]

1. e4 e5 2. Nc3 Nf6 3. Bc4 Nxe4 4. Qh5 Nd6 5. Bb3 Nc6 6. Nb5 g6 7. Qf3 f5 8.
Qd5 Qe7 9. Nxc7+ Kd8 10. Nxa8 b6 11. d3 Bb7 12. Nxb6 axb6 13. Qf3 Nd4 14.
Qg3 Nxb3 15. axb3 f4 16. Qg4 Qe6 17. Qxe6 dxe6 18. f3 Nf5 19. Ra7 Kc8 20.
Ne2 Bb4+ 21. Bd2 Bxd2+ 22. Kxd2 Ne3 23. Rg1 Rd8 24. Nc3 Kb8 25. Raa1 g5 26.
h3 h5 27. Na4 b5 28. Nc5 Bc8 29. Ra5 Kc7 30. Rxb5 Kc6 31. c4 g4 32. fxg4
hxg4 33. hxg4 Nxg4 34. Ne4 Ba6 35. Ra5 Kb6 36. Rga1 Bb7 37. Ke2 Ne3 38. Rxe5
Nxg2 39. Rxe6+ Kc7 40. b4 f3+ 41. Kxf3 Nh4+ 42. Ke2 Nf5 43. Kd2 Rh8 44. Rf1
Rh2+ 45. Rf2 Rh5 46. Re5 Ng3 47. Re7+ Kc8 48. Rf8# {Black checkmated} 1-0

[Event "GambitGuide"]
[Site "Internet Chess Club"]
[Date "2014.10.31"]
[Round "1"]
[White "JSBach"]
[Black "MePhone4"]
[Result "1-0"]
[ICCResult "Black checkmated"]
[WhiteElo "1621"]
[BlackElo "1400"]
[Opening "Vienna: `Frankenstein-Dracula' variation"]
[ECO "C27"]
[NIC "VG.02"]
[Time "11:06:41"]
[TimeControl "120+12"]

1. e4 e5 2. Nc3 Nf6 3. Bc4 Nxe4 4. Qh5 Nd6 5. Bb3 Nc6 6. Nb5 g6 7. Qf3 f5 8.
Qd5 Qe7 9. Nxc7+ Kd8 10. Nxa8 b6 11. d3 Bb7 12. Nxb6 Nb4 13. Qa5 Nc6 14. Qc5
axb6 15. Qxb6+ Ke8 16. Bd5 Qd8 17. Qxd8+ Kxd8 18. Nf3 Bg7 19. Bg5+ Bf6 20.
Bxf6+ Ke8 21. Bxh8 Kf8 22. Bxe5 Ne4 23. dxe4 fxe4 24. Bd6+ Kg7 25. Ng5 e3
26. fxe3 Nb4 27. Be5+ Kh6 28. Nf7+ Kh5 29. Bxb7 Nc6 30. Bxc6 dxc6 31. a4 Kh4
32. e4 Kg4 33. Rd1 Kh4 34. h3 Kh5 35. Bf6 c5 36. g4# {Black checkmated} 1-0

[Event "GambitGuide"]
[Site "Internet Chess Club"]
[Date "2014.10.31"]
[Round "1"]
[White "JSBach"]
[Black "nsideurheadbro"]
[Result "1-0"]
[ICCResult "Black resigns"]
[WhiteElo "1621"]
[BlackElo "1184"]
[Opening "Vienna: `Frankenstein-Dracula' variation"]
[ECO "C27"]
[NIC "VG.02"]
[Time "11:03:17"]
[TimeControl "120+12"]

1. e4 e5 2. Nc3 Nf6 3. Bc4 Nxe4 4. Qh5 Nd6 5. Bb3 Nc6 6. Nb5 g6 7. Qf3 f5 8.
Qd5 Qe7 9. Nxc7+ Kd8 10. Nxa8 b6 11. d3 Bb7 12. Nxb6 axb6 13. Qf3 f4 14. Qg4
Bg7 15. Bd2 Nd4 16. Ba4 Bd5 17. Bb4 Be6 18. Bxd6 Qxd6 19. Qg5+ Kc7 20. c3 b5
21. cxd4 bxa4 22. Rc1+ Kb7 23. Ne2 f3 24. gxf3 Bf5 25. dxe5 Qxe5 26. f4 Qxb2
27. Qe7 Bg4 28. f3 Bf5 29. Rc4 Qb1+ 30. Nc1 Bc3+ 31. Rxc3 {Black resigns}
1-0

[Event "GambitGuide"]
[Site "Internet Chess Club"]
[Date "2014.10.31"]
[Round "1"]
[White "JSBach"]
[Black "GFranco"]
[Result "1-0"]
[ICCResult "Black resigns"]
[WhiteElo "1621"]
[BlackElo "1604"]
[Opening "Vienna: `Frankenstein-Dracula' variation"]
[ECO "C27"]
[NIC "VG.02"]
[Time "11:07:40"]
[TimeControl "120+12"]

1. e4 e5 2. Nc3 Nf6 3. Bc4 Nxe4 4. Qh5 Nd6 5. Bb3 Nc6 6. Nb5 g6 7. Qf3 f5 8.
Qd5 Qe7 9. Nxc7+ Kd8 10. Nxa8 b6 11. d3 Bb7 12. Nxb6 axb6 13. Qf3 Nd4 14.
Qg3 f4 15. Qg4 Bh6 16. Ba4 b5 17. Bb3 e4 18. Kf1 e3 19. Bxe3 fxe3 20. Qxd4
Rf8 21. f3 Nf5 22. Qb6+ Ke8 23. Qxb7 Nd4 24. Qb8+ {Black resigns} 1-0

[Event "GambitGuide"]
[Site "Internet Chess Club"]
[Date "2014.10.31"]
[Round "1"]
[White "JSBach"]
[Black "Ak926"]
[Result "1-0"]
[ICCResult "Black resigns"]
[WhiteElo "1621"]
[BlackElo "1308"]
[Opening "Vienna: `Frankenstein-Dracula' variation"]
[ECO "C27"]
[NIC "VG.02"]
[Time "11:03:48"]
[TimeControl "120+12"]

1. e4 e5 2. Nc3 Nf6 3. Bc4 Nxe4 4. Qh5 Nd6 5. Bb3 Nc6 6. Nb5 g6 7. Qf3 f5 8.
Qd5 Qe7 9. Nxc7+ Kd8 10. Nxa8 b6 11. d3 Bb7 12. Nxb6 axb6 13. Qf3 h6 14. Qg3
g5 15. c3 f4 16. Qh3 Nb5 17. Bc4 Nd6 18. Bd5 Kc7 19. Ne2 Nc8 20. Qf3 Qd6 21.
Qe4 N8e7 22. c4 Qc5 23. Bd2 Nd4 24. Qxe5+ d6 25. Qxh8 Nxe2 26. Bxb7 Ng6 27.
Qh7+ Ne7 28. Bd5 Nd4 29. Rc1 Nf5 30. Qf7 Kd7 31. Qxf8 {Black resigns} 1-0

[Event "GambitGuide"]
[Site "Internet Chess Club"]
[Date "2014.10.31"]
[Round "1"]
[White "JSBach"]
[Black "Little-Fish"]
[Result "1-0"]
[ICCResult "Black resigns"]
[WhiteElo "1601"]
[BlackElo "1537"]
[Opening "Vienna: `Frankenstein-Dracula' variation"]
[ECO "C27"]
[NIC "VG.02"]
[Time "11:08:12"]
[TimeControl "120+12"]

1. e4 e5 2. Nc3 Nf6 3. Bc4 Nxe4 4. Qh5 Nd6 5. Bb3 Nc6 6. Nb5 g6 7. Qf3 f5 8.
Qd5 Qe7 9. Nxc7+ Kd8 10. Nxa8 b6 11. d3 Bb7 12. Nxb6 axb6 13. Qf3 Na5 14.
Qe3 Nxb3 15. axb3 Ke8 16. f3 Bg7 17. Qxb6 Kf7 18. b4 Rc8 19. Qf2 e4 20. fxe4
Kg8 21. Nh3 fxe4 22. O-O Rf8 23. Qe3 Rxf1+ 24. Kxf1 Qf6+ 25. Kg1 exd3 26.
Qxd3 Nf5 27. Ng5 Nd4 28. c3 Ba6 29. Rxa6 {Black resigns} 1-0

[Event "GambitGuide"]
[Site "Internet Chess Club"]
[Date "2014.10.31"]
[Round "1"]
[White "JSBach"]
[Black "GFranco"]
[Result "1-0"]
[ICCResult "Black resigns"]
[WhiteElo "1601"]
[BlackElo "1604"]
[Opening "Vienna: `Frankenstein-Dracula' variation"]
[ECO "C27"]
[NIC "VG.02"]
[Time "11:09:32"]
[TimeControl "120+12"]

1. e4 e5 2. Nc3 Nf6 3. Bc4 Nxe4 4. Qh5 Nd6 5. Bb3 Nc6 6. Nb5 g6 7. Qf3 f5 8.
Qd5 Qe7 9. Nxc7+ Kd8 10. Nxa8 b6 11. d3 Bb7 12. Nxb6 Nd4 13. Bg5 Qxg5 14.
Qxe5 Qxg2 15. Qxh8 Qxh1 16. Qxf8+ Ne8 17. O-O-O Nxb3+ 18. axb3 {Black
resigns} 1-0

[Event "GambitGuide"]
[Site "Internet Chess Club"]
[Date "2014.10.31"]
[Round "1"]
[White "JSBach"]
[Black "asithink"]
[Result "0-1"]
[ICCResult "White checkmated"]
[WhiteElo "1601"]
[BlackElo "2044"]
[Opening "Vienna: `Frankenstein-Dracula' variation"]
[ECO "C27"]
[NIC "VG.02"]
[Time "11:07:57"]
[TimeControl "120+12"]

1. e4 e5 2. Nc3 Nf6 3. Bc4 Nxe4 4. Qh5 Nd6 5. Bb3 Nc6 6. Nb5 g6 7. Qf3 f5 8.
Qd5 Qe7 9. Nxc7+ Kd8 10. Nxa8 b6 11. d3 Bb7 12. Nxb6 axb6 13. Qf3 Nd4 14.
Qg3 f4 15. Qg4 Bg7 16. Ba4 b5 17. Bb3 Qf6 18. Bd2 h5 19. Qh3 g5 20. Ba5+ Ke7
21. Bb4 g4 22. c3 gxh3 23. Nxh3 Nxb3 24. axb3 Bxg2 25. Rg1 Bxh3 26. Ra6 Rg8
27. Rxd6 Qxd6 28. Bxd6+ Kxd6 29. b4 e4 30. Rg6+ Ke5 31. Rg5+ Bf5 32. dxe4
Kxe4 33. h4 Bg4 34. Rxb5 Re8 35. Rb6 Kf3+ 36. Kf1 Bh3+ 37. Kg1 Be5 38. Rg6
Bg4 39. b5 Rb8 40. c4 Bxb2 41. Rd6 Be5 42. Rd1 Rc8 43. b6 Rxc4 44. Rd2 Rb4
45. Rd5 d6 46. Ra5 Rxb6 47. Ra3+ Ke4 48. Ra4+ Bd4 49. Ra2 Rb1+ 50. Kh2 Kf3
51. Ra1 Rb2 52. Kh1 Rxf2 53. Rd1 Bc5 54. Rg1 Bh3 55. Rg5 Rf1+ 56. Kh2 Bg4
57. Rxc5 Rf2+ 58. Kh1 dxc5 59. Kg1 c4 60. Kh1 c3 61. Kg1 c2 62. Kh1 c1=Q#
{White checkmated}
0-1

[Event "GambitGuide"]
[Site "Internet Chess Club"]
[Date "2014.10.31"]
[Round "1"]
[White "JSBach"]
[Black "nsideurheadbro"]
[Result "1-0"]
[ICCResult "Black resigns"]
[WhiteElo "1601"]
[BlackElo "1184"]
[Opening "Vienna: `Frankenstein-Dracula' variation"]
[ECO "C27"]
[NIC "VG.02"]
[Time "11:08:44"]
[TimeControl "120+12"]

1. e4 e5 2. Nc3 Nf6 3. Bc4 Nxe4 4. Qh5 Nd6 5. Bb3 Nc6 6. Nb5 g6 7. Qf3 f5 8.
Qd5 Qe7 9. Nxc7+ Kd8 10. Nxa8 b6 11. d3 Bb7 12. Nxb6 axb6 13. Qf3 e4 14. Qe3
f4 15. Qxb6+ Kc8 16. Bxf4 exd3+ 17. Be3 Nf5 18. cxd3 Nxe3 19. fxe3 Bh6 20.
e4 Rf8 21. Nf3 Rf4 22. O-O Rxe4 23. dxe4 Qxe4 24. Rae1 {Black resigns} 1-0

[Event "GambitGuide"]
[Site "Internet Chess Club"]
[Date "2014.10.31"]
[Round "1"]
[White "JSBach"]
[Black "Sunny2002"]
[Result "1-0"]
[ICCResult "Black resigns"]
[WhiteElo "1623"]
[BlackElo "1164"]
[Opening "Vienna: `Frankenstein-Dracula' variation"]
[ECO "C27"]
[NIC "VG.02"]
[Time "11:10:03"]
[TimeControl "120+12"]

1. e4 e5 2. Nc3 Nf6 3. Bc4 Nxe4 4. Qh5 Nd6 5. Bb3 Nc6 6. Nb5 g6 7. Qf3 f5 8.
Qd5 Qe7 9. Nxc7+ Kd8 10. Nxa8 b6 11. d3 Bb7 12. Nxb6 axb6 13. Qf3 Nd4 14.
Qg3 f4 15. Qg4 Bh6 16. Ba4 b5 17. Bb3 e4 18. Kf1 exd3 19. cxd3 f3 20. gxf3
Re8 21. Qxd4 Qe1+ 22. Kg2 Bxf3+ 23. Nxf3 {Black resigns} 1-0

[Event "GambitGuide"]
[Site "Internet Chess Club"]
[Date "2014.10.31"]
[Round "1"]
[White "JSBach"]
[Black "Little-Fish"]
[Result "1-0"]
[ICCResult "Black resigns"]
[WhiteElo "1604"]
[BlackElo "1537"]
[Opening "Vienna: `Frankenstein-Dracula' variation"]
[ECO "C27"]
[NIC "VG.02"]
[Time "11:10:18"]
[TimeControl "120+12"]

1. e4 e5 2. Nc3 Nf6 3. Bc4 Nxe4 4. Qh5 Nd6 5. Bb3 Nc6 6. Nb5 g6 7. Qf3 f5 8.
Qd5 Qe7 9. Nxc7+ Kd8 10. Nxa8 b6 11. d3 Bb7 12. Nxb6 axb6 13. Qf3 Na5 14.
Qe3 Nxb3 15. Qxb6+ Ke8 16. Qxb3 e4 17. d4 Bc6 18. d5 Bb7 19. Bf4 Bc8 20. Qb8
Kd8 21. b3 g5 22. Bxd6 Qxd6 23. Qxd6 Bxd6 24. a4 Bb7 25. c4 Bb4+ 26. Kd1 d6
27. a5 Ba6 28. Ne2 Ke7 29. Nd4 Bc5 30. Nxf5+ Kf6 31. Ng3 Re8 32. Re1 e3 33.
fxe3 Rxe3 34. Ne4+ Kg6 35. Rxe3 Bxe3 36. Nxd6 Bf4 37. Ne4 Bxh2 38. g3 Bc8
39. a6 Bf5 40. a7 {Black resigns} 1-0

[Event "GambitGuide"]
[Site "Internet Chess Club"]
[Date "2014.10.31"]
[Round "1"]
[White "JSBach"]
[Black "billysunday1"]
[Result "1-0"]
[ICCResult "Black resigns"]
[WhiteElo "1604"]
[BlackElo "1461"]
[Opening "Vienna: `Frankenstein-Dracula' variation"]
[ECO "C27"]
[NIC "VG.02"]
[Time "11:07:13"]
[TimeControl "120+12"]

1. e4 e5 2. Nc3 Nf6 3. Bc4 Nxe4 4. Qh5 Nd6 5. Bb3 Nc6 6. Nb5 g6 7. Qf3 f5 8.
Qd5 Qe7 9. Nxc7+ Kd8 10. Nxa8 b6 11. d3 Bb7 12. Nxb6 axb6 13. Qf3 e4 14.
dxe4 Nxe4 15. Be3 Qb4+ 16. c3 Qe7 17. Bxb6+ Kc8 18. Qe3 Bg7 19. Rd1 Re8 20.
Bd5 Qf8 21. Bxc6 Bxc6 22. a3 Nxc3 23. bxc3 Rxe3+ 24. fxe3 Qxa3 25. Ne2 Bxc3+
26. Kf2 Bg7 27. Rc1 Qb2 28. Rb1 Qe5 29. Rhc1 Bh6 30. g3 Qe4 31. Kf1 Qg2+ 32.
Ke1 Qxh2 33. Rb3 Qh1+ 34. Kd2 Qd5+ 35. Kc2 Ba4 36. Kb1+ Bc6 37. Ka2 Qd2+ 38.
Rb2 Qd5+ 39. Ka1 Bg7 40. Nd4 Bxd4 41. Bxd4 Qa5+ 42. Kb1 Kd8 43. Bb6+
{Black resigns}
1-0

[Event "GambitGuide"]
[Site "Internet Chess Club"]
[Date "2014.10.31"]
[Round "1"]
[White "JSBach"]
[Black "Little-Fish"]
[Result "1-0"]
[ICCResult "Black resigns"]
[WhiteElo "1604"]
[BlackElo "1537"]
[Opening "Vienna: `Frankenstein-Dracula' variation"]
[ECO "C27"]
[NIC "VG.02"]
[Time "11:12:00"]
[TimeControl "120+12"]

1. e4 e5 2. Nc3 Nf6 3. Bc4 Nxe4 4. Qh5 Nd6 5. Bb3 Nc6 6. Nb5 g6 7. Qf3 f5 8.
Qd5 Qe7 9. Nxc7+ Kd8 10. Nxa8 b6 11. d3 Bb7 12. Nxb6 axb6 13. Qf3 Kc7 14.
Bd2 Nd4 15. Qg3 Bg7 16. Rc1 Re8 17. Bg5 Qe6 18. Bxe6 {Black resigns} 1-0